Map: Para Site LE

Players

Sheldor

  • Race: Zerg Zerg
  • League: Diamond
  • Spawn Location: 5:00

ViBE - Winner!

  • Race: Zerg Zerg
  • League: Diamond
  • Spawn Location: 11:00

VOD

Have the link to the VOD?

Description

Time

  • Played on: Dec. 1, 2018, 9:16 p.m.
  • Length: 10:39
Show
View Real Time Build Order
Export as new Build Order

Sheldor Zerg 

Build Orders: Hatch First 

Get SALT Encoding   

  12  0:14  Drone x2  
  14  0:22  Overlord  
  14  0:41  Drone x2  
  16  0:47  Drone  
  17  0:57  Drone, Hatchery  
  16  1:02  Extractor  
  16  1:09  Drone  
  17  1:17  Spawning Pool  
  16  1:21  Drone  
  18  1:32  Drone  
  18  1:43  Drone  
  19  1:51  Drone  
  20  2:05  Queen, Overlord  
  22  2:09  Queen  
  22  2:10  Zergling x2  
  22  2:14  Zergling x2  
  26  2:16  Metabolic Boost  
  26  2:20  Drone  
  27  2:31  Drone x2  
  29  2:40  Drone  
  30  2:50  Hatchery  
  30  2:51  Drone x2  
  31  2:55  Drone  
  32  2:59  Baneling Nest  
  32  3:02  Drone  
  32  3:03  Queen  
  34  3:10  Drone x2  
  35  3:24  Drone, Zergling x2  
  36  3:40  Overlord  
  36  3:48  Baneling x2  
  36  4:01  Zergling x2  
  36  4:02  Zergling x14  
  44  4:03  Drone x2, Zergling x2  
  44  4:04  Drone x2  
  49  4:14  Drone  
  49  4:15  Overlord x2  
  50  4:18  Extractor  
  49  4:24  Roach Warren  
  49  4:25  Lair  
  49  4:27  Drone x2  
  49  4:30  Evolution Chamber  
  49  4:31  Drone  
  49  4:32  Extractor  
  49  4:33  Drone  
  50  4:40  Drone  
  49  4:46  Drone x4  
  52  4:56  Drone x2  
  52  4:57  Drone  
  52  4:58  Drone  
  52  4:59  Drone  
  57  5:01  Zerg Missile Weapons Level 1  
  57  5:07  Roach x2  
  57  5:08  Overlord, Roach x2  
  57  5:09  Overlord  
  67  5:28  Roach x2  
  67  5:29  Roach x2  
  67  5:32  Roach x2  
  67  5:33  Roach x2  
  81  5:38  Overlord x2  
  81  5:39  Overlord  
  81  5:47  Drone x2, Extractor  
  82  6:02  Roach x4  
  82  6:03  Roach x4  
  88  6:16  Roach x2  
  85  6:22  Roach x2  
  81  6:26  Drone x2  
  81  6:27  Queen, Drone  
  81  6:31  Drone x3  
  89  6:33  Glial Reconstitution  
  89  6:35  Drone x3  
  89  6:36  Roach x2  
  89  6:38  Drone x2  
  89  6:39  Roach  
  100  6:41  Roach  
  102  6:48  Drone  
  102  6:49  Evolution Chamber  
  102  6:55  Drone x2  
  102  6:56  Drone  
  106  7:01  Drone  
  106  7:03  Zerg Missile Weapons Level 2  
  106  7:10  Overseer  
  106  7:15  Drone, Extractor, Hatchery  
  105  7:16  Drone  
  96  7:31  Roach  
  78  7:50  Roach  
  78  7:51  Roach x4  
  70  7:52  Roach x7  
  90  8:01  Extractor  
  90  8:02  Drone  
  90  8:03  Overlord x2  
  90  8:04  Overlord  
  90  8:06  Zerg Ground Armor Level 1  
  90  8:15  Hydralisk Den  
  89  8:21  Queen  
  89  8:23  Roach  
  89  8:24  Roach x5  
  89  8:26  Drone x2  
  105  8:27  Drone x3  
  105  8:28  Drone x2  
  105  8:33  Roach x3  
  116  8:40  Drone  
  117  8:45  Drone x2  
  117  8:47  Overlord x2  
  119  8:54  Hatchery  
  118  9:01  Extractor, Lurker Den  
  118  9:02  Drone x3  
  119  9:03  Drone  
  119  9:04  Overlord x3  
  119  9:07  Drone, Roach  
  119  9:08  Roach x5  
  119  9:09  Roach  
  135  9:10  Overlord x2  
  135  9:24  Overseer  
  135  9:26  Hydralisk x5  
  135  9:30  Hydralisk  
  147  9:32  Roach x2  
  147  9:33  Roach x2  
  147  9:34  Ravager  
  147  9:35  Ravager x4  
  147  9:36  Ravager  
  147  9:37  Roach  
  147  9:38  Roach x3  
  169  9:39  Drone  
  170  9:48  Roach x3  
  170  9:49  Overlord x2  
  160  10:12  Roach x3  
  128  10:18  Roach x2  
Show
View Real Time Build Order
Export as new Build Order

ViBE Zerg - Winner!

Build Orders: Hatch First, Roach Hydra 

Get SALT Encoding   

  12  0:01  Drone  
  13  0:13  Overlord  
  13  0:20  Drone  
  14  0:32  Drone x2  
  16  0:38  Drone  
  17  0:54  Hatchery  
  16  0:58  Drone  
  17  1:12  Spawning Pool  
  17  1:13  Drone  
  17  1:16  Drone  
  18  1:20  Drone  
  19  1:29  Drone  
  20  1:35  Extractor  
  19  2:00  Overlord  
  20  2:01  Queen, Drone  
  20  2:06  Queen, Drone  
  20  2:07  Drone  
  26  2:17  Overlord  
  26  2:21  Drone  
  27  2:23  Drone  
  27  2:29  Drone  
  29  2:34  Drone  
  30  2:38  Drone  
  30  2:39  Lair  
  31  2:45  Drone  
  31  2:46  Evolution Chamber  
  31  2:49  Drone  
  32  2:55  Drone  
  33  2:58  Queen  
  33  3:01  Overlord  
  35  3:10  Drone, Roach Warren  
  35  3:11  Drone x2  
  37  3:13  Drone  
  37  3:14  Drone  
  37  3:19  Drone x3  
  41  3:23  Drone  
  42  3:27  Evolution Chamber, Drone  
  42  3:31  Extractor  
  42  3:32  Extractor  
  40  3:35  Zerg Missile Weapons Level 1  
  40  3:41  Drone x3  
  43  3:48  Overlord  
  43  3:56  Drone x4  
  43  4:01  Drone  
  48  4:07  Glial Reconstitution  
  48  4:12  Roach x2  
  48  4:16  Overlord  
  52  4:27  Roach x2  
  52  4:28  Roach x2  
  60  4:37  Roach x4  
  68  4:48  Overlord  
  68  5:06  Overlord x2  
  68  5:07  Roach  
  68  5:08  Roach x3  
  68  5:11  Hatchery  
  75  5:37  Drone x11  
  75  5:41  Zerg Ground Armor Level 1, Zerg Missile Weapons Level 2  
  86  5:49  Drone  
  88  5:50  Drone  
  88  5:51  Hydralisk Den  
  88  5:54  Overlord x2  
  88  5:56  Extractor  
  86  6:02  Drone x3  
  89  6:05  Drone  
  90  6:16  Drone x4  
  84  6:30  Drone, Extractor x2  
  84  6:31  Drone x4  
  87  6:41  Grooved Spines  
  87  6:42  Roach x4  
  87  6:43  Roach  
  97  6:50  Overlord x3  
  97  6:57  Drone x3  
  100  7:10  Hydralisk x9  
  100  7:15  Overlord x2  
  118  7:20  Roach x3  
  120  7:28  Roach x6  
  114  7:37  Roach x5  
  114  7:40  Queen  
  114  7:43  Roach  
  116  7:51  Drone  
  116  7:53  Drone  
  116  7:57  Hatchery  
  117  7:59  Muscular Augments, Ravager  
  117  8:00  Overseer  
  117  8:01  Roach x7  
  117  8:05  Zerg Ground Armor Level 2  
  132  8:09  Infestation Pit  
  132  8:11  Overlord x3  
  131  8:21  Roach x3  
  131  8:25  Overlord  
  137  8:32  Roach x8  
  153  8:38  Overlord  
  153  8:44  Roach x2  
  157  8:50  Roach x4  
  157  8:55  Overlord  
  165  8:56  Roach x2  
  165  8:57  Roach x2  
  165  8:58  Hive  
  165  9:01  Roach x4  
  181  9:06  Drone  
  181  9:09  Hydralisk x2  
  186  9:14  Hydralisk  
  188  9:19  Hydralisk x3  
  188  9:20  Hydralisk x2  
  188  9:22  Roach  
  200  9:43  Lurker Den  
  200  9:44  Drone  
  184  10:13  Roach x5  
  184  10:14  Roach x10  
Tags
 
Add a new tag
Caveats
  • Supply blocks, unpowered buildings, or Contaminate may cause inaccurate times.
  • Supply counts are checked every 10 seconds.